 Seeded DCSS version 0.28-a0-1143-gcf6077d4cc (webtiles) character file.

Game seed: 12130800008223909736 (custom seed)

49 croobank the Skirmisher (level 3, 0/46 HPs)
             Began as a Demigod Fighter on Dec 13, 2021.
             Slain by Pargi (2 damage)
             ... on level 3 of the Dungeon on Dec 14, 2021.
             The game lasted 00:15:59 (3163 turns).

croobank the Skirmisher (Demigod Fighter)           Turns: 3163, Time: 00:15:59

Health: 0/46       AC:  3    Str: 21    XL:     3   Next: 32%
Magic:  5/5        EV: 10    Int: 10    God:
Gold:   146        SH:  4    Dex: 13    Spells: 2/2 levels left

rFire   . . .      SeeInvis .   a - +0 hand axe
rCold   . . .      Faith    .   c - +0 buckler
rNeg    . . .      Spirit   .   k - +0 leather armour
rPois   .          Reflect  .   (no helmet)
rElec   .          Harm     .   (no cloak)
rCorr   .          Rampage  .   (no gloves)
Will    .....                   (no boots)
Stlth   ..........              (no amulet)
HPRegen 0.15/turn               (no ring)
MPRegen 0.09/turn               (no ring)

@: mighty, berserking, flying, very quick
A: high mp 1, forlorn, divine attributes
a: no special abilities


You were on level 3 of the Dungeon.
You visited 1 branch of the dungeon, and saw 4 of its levels.

You collected 146 gold pieces.

Inventory:

Hand Weapons
 a - a +0 hand axe (weapon)
 b - a +0 vorpal hunting sling
 m - a +0 war axe
 v - a +0 short sword
Missiles
 e - 8 poisoned darts
 g - 2 atropa-tipped darts
 l - 25 stones
 u - 11 sling bullets
 z - 2 curare-tipped darts (quivered)
Armour
 c - a +0 buckler (worn)
 k - a +0 leather armour (worn)
 q - a +0 chain mail
 r - a +0 scale mail
Magical Staves
 y - a staff of conjuration
Jewellery
 f - an amulet of regeneration
 j - a ring of fire
Scrolls
 h - 3 scrolls of identify {identify}
 n - 3 scrolls of acquirement {acquirement, unknown}
 o - 3 scrolls of enchant armour {enchant armour, unknown}
 t - 2 scrolls of immolation {immolation, unknown}
 w - a scroll of enchant weapon {enchant weapon, unknown}


   Skills:
 + Level 3.1 Fighting
 + Level 2.3 Axes
 + Level 3.1 Armour
 + Level 3.1 Shields


You had 2 spell levels left.
You didn't know any spells.
Your spell library was empty.

Dungeon Overview and Level Annotations

Branches:
Dungeon (4/15)
 Temple: D:4-7

Annotations:
D:3 Pargi


Innate Abilities, Weirdness & Mutations

You have an increased reservoir of magic. (+10% MP)
You shall have no god before yourself.
Your divine heritage dramatically boosts your attributes as you level up.


Message History

Unknown command.
Press: ? - help, v - describe, . - travel
Here: Pargi The floor.
As you read the scroll labelled ODOSO HANOR {summoning}, it crumbles to dust.
Wisps of shadow whirl around you...
It was a scroll of summoning {summoning}.
You block Pargi's attack. Pargi claws you.
* * * LOW HITPOINT WARNING * * *
Pargi completely misses you.
There is an open door here.
You swap places.
Pargi closely misses your rat. x2; Pargi claws your rat.
Your rat dies!
Your rat's corpse dissolves into shadows!
Your endoplasm freezes Pargi.
Pargi is frozen.
Pargi bites your kobold!
Your kobold dies!
Your kobold's corpse dissolves into shadows!
Your endoplasm freezes Pargi.
Pargi is frozen.
Your endoplasm barely misses Pargi.
There is an open door here.
You reach down and close the door.
Pargi breaks down the door.
It was a potion of berserk rage {berzerk rage}.
A red film seems to cover your vision as you go berserk!
You feel yourself moving faster!
You feel mighty!
You feel a strong urge to attack something.
Pargi bites you.
* * * LOW HITPOINT WARNING * * *
Pargi claws you but does no damage. Pargi claws you.
* * * LOW HITPOINT WARNING * * *
You slash Pargi!
Pargi is moderately wounded.
You barely miss Pargi.
Pargi is moderately wounded.
Pargi bites you.
* * * LOW HITPOINT WARNING * * *
Pargi claws you.
You die...

≈≈≈≈≈≈.≈P ♣♣.........##.##
P≈≈≈≈≈.≈≈≈ ♣.###########.#
≈≈≈≈≈≈.≈≈P♣♣#.#### #.# #
≈≈≈P≈≈.≈≈≈≈......# ##+## #
≈≈≈≈P≈.≈≈≈.......# ##...## #
≈≈≈≈≈♣.♣♣#.......# ##.....## #
≈≈♣♣≈....#.......# ##......>## #
...#.....#.......####.......).###
................@TJ.'.........'..
...#.###.#.......####.........###
#....# #.######.## ##.......## #
##.#.###.# #.# ##.....## #
#.......# #.# ##...## # ###.#####
... ##'## #.# ... #.# #.# #...
#.# # #.# #.#


You could see Pargi (ally target) and a friendly endoplasm (summoned).

Vanquished Creatures
  2 worms
  4 dart slugs
  2 ball pythons (D:2)
  3 endoplasms (D:1)
  2 giant cockroaches
  3 goblins
  5 hobgoblins
  2 quokkas (D:1)
  2 bats
  2 frilled lizards
  3 kobolds (D:2)
  3 rats
33 creatures vanquished.

Vanquished Creatures (others)
  8 plants (D:3)
8 creatures vanquished.

Grand Total: 41 creatures vanquished

Notes
Turn   | Place    | Note
-------+----------+-------------------------------------------
     0 | D:1      | croobank the Demigod Fighter began the quest for the Orb.
     0 | D:1      | Reached XP level 1. HP: 18/18 MP: 3/3
   396 | D:1      | Reached XP level 2. HP: 15/25 MP: 4/4
  1631 | D:2      | Reached XP level 3. HP: 21/31 MP: 5/5
  2819 | D:3      | Noticed Pargi
  3163 | D:3      | HP: 2/46 [Pargi (2)]
  3163 | D:3      | Slain by Pargi

Illustrated notes

Levels and vault maps discovered:
D:1:      minmay_arrival_checkered_box, layout_basic, minmay_pentomino_q2
D:2:      layout_loops_cross
D:3:      layout_loops_corners, serial_bayou, serial_bayou_pond_c,
          serial_bayou_lagoon_b, serial_bayou_pond_c, serial_bayou_pond_e,
          uniq_pargi, uniq_jessica
D:4:      layout_basic, marbit_many_paths, minmay_temple_entry_enclosed_plants,
          hex_intersection

Skill      XL: |  1  2 |
---------------+-------+-----
Axes           | 2 |  2.3
Fighting       | 3 |  3.1
Shields        | 3 |  3.1
Armour         | 3 |  3.1

Action                   || total
-------------------------++-------
Melee: War axe           ||    43
       Hand axe          ||   101
Throw: Dart              ||     9
  Use: Potion            ||     4
       Scroll            ||     3
Armor: Scale mail        ||    12
       Leather armour    ||    32
Dodge: Dodged            ||    77
Block: Buckler           ||    36

Table legend: (Time is in decaauts)
 A = Elapsed time spent in this place.
 B = Non-inter-level travel time spent in this place.
 C = Inter-level travel time spent in this place.
 D = Time resting spent in this place.
 E = Time spent auto-exploring this place.
 F = Levels seen in this place.
 G = Mean time per level.
                   A        B        C        D        E       F      G
               +--------+--------+--------+--------+--------+-----+--------+
         Total |   3217 |   3177 |     40 |    665 |   1960 |   4 |  804.2 |
       Dungeon |   3217 |   3177 |     40 |    665 |   1960 |   4 |  804.2 |
               +--------+--------+--------+--------+--------+-----+--------+

Top non-repeatable levels by time:
     D:1: 1290 daAuts
     D:2: 980 daAuts
     D:3: 675 daAuts
     D:4: 270 daAuts
